 Dungeon Crawl Stone Soup version 0.28.0-47-ge53b351184 (webtiles) character file.

Game seed: 10592902708545707526

113 Urriah the Covered (level 5, 0/41 HPs)
             Began as a Human Fighter on May 3, 2022.
             Succumbed to an adder's poison
             ... in a sewer.
             The game lasted 00:10:37 (2237 turns).

Urriah the Covered (Human Fighter)                  Turns: 2237, Time: 00:10:37

Health: 0/41       AC:  6    Str: 18    XL:     5   Next: 17%
Magic:  5/5        EV:  9    Int: 10    God:
Gold:   10         SH:  5    Dex: 13    Spells: 4/4 levels left

rFire   + . .      SeeInvis .   j - +3 hand axe "Velig" {vamp, *Slow rF+ rCorr Stlth+}
rCold   . . .      Faith    .   c - +0 buckler
rNeg    . . .      Spirit   .   b - +0 scale mail
rPois   .          Reflect  .   (no helmet)
rElec   .          Harm     .   (no cloak)
rCorr   +          Rampage  .   (no gloves)
Will    .....                   (no boots)
Stlth   +.........              (no amulet)
HPRegen 0.13/turn               (no ring)
MPRegen 0.09/turn               (no ring)

@: lethally poisoned (0 -> -13), very slow
A: deterioration 1, strong 1
a: no special abilities


You were in a sewer.
You visited 1 branch of the dungeon, and saw 3 of its levels.
You also visited: Sewer.

You collected 130 gold pieces.
You spent 120 gold pieces at shops.

Inventory:

Hand Weapons
 e - a +1 rapier of electrocution
 j - the +3 hand axe "Velig" (weapon) {vamp, *Slow rF+ rCorr Stlth+}
   (You bought it in a shop on level 3 of the Dungeon)

   It occasionally heals its wielder for a portion of the damage dealt when it
   wounds a living foe.
   rF:        It protects you from fire.
   rCorr:     It protects you from acid and corrosion.
   *Slow:     It may slow you when you take damage.
   Stlth:     It makes you more stealthy.
Missiles
 h - 20 bolts
Armour
 b - a +0 scale mail (worn)
 c - a +0 buckler (worn)
Scrolls
 i - a scroll of identify {unknown}
Potions
 a - a potion of heal wounds {unknown}
 d - a potion of might
 f - a potion of mutation


   Skills:
 * Level 3.4 Fighting
 * Level 2.2(2.6) Short Blades
 - Level 2.0(2.5) Long Blades
 * Level 0.1 Axes
 * Level 3.6 Armour
 * Level 1.0 Dodging
 * Level 1.3 Stealth
 * Level 3.3 Shields


You had 4 spell levels left.
You didn't know any spells.
Your spell library was empty.

Dungeon Overview and Level Annotations

Branches:
Dungeon (3/15)              Sewer (1/1)

Altars:

Shops:
D:1 (   D:3 (


Innate Abilities, Weirdness & Mutations

Your body sometimes deteriorates upon taking damage.
Your muscles are strong. (Str +2)


Message History

You feel sick. The adder closely misses you.
You feel sick. The adder bites you but does no damage.
You feel sick.
You are no longer poisoned.
You block the adder's attack. You block the adder's attack.
The adder misses you. The adder barely misses you.
The adder bites you but does no damage. x2
You block the adder's attack. The adder completely misses you.
You enter the shallow water.
Moving in this stuff is going to be slow.
The adder bites you. You block the adder's attack.
You block the adder's attack. The adder bites you but does no damage.
The adder bites you.
You are poisoned.
The adder poisons you! The adder bites you.
You are more poisoned.
The adder poisons you!
You feel very sick. The adder bites you but does no damage.
You feel sick. The adder bites you.
You are more poisoned.
The adder poisons you! The adder bites you.
You enter the shallow water.
Moving in this stuff is going to be slow.
* * * LOW HITPOINT WARNING * * *
You feel very sick. The adder bites you.
* * * LOW HITPOINT WARNING * * *
* * * LOW HITPOINT WARNING * * *
You feel very sick. The adder bites you.
* * * LOW HITPOINT WARNING * * *
You are more poisoned.
The adder poisons you! The adder bites you but does no damage.
The adder completely misses you. The adder bites you but does no damage.
It was a potion of mutation.
You feel extremely strange.
You feel yourself wasting away.
You feel stronger.
You die...

#≈# #≈# #≈#
###≈############
#..≈.≈≈≈≈.≈≈≈...
#.≈≈≈≈≈≈≈≈≈≈≈≈≈≈
#.≈≈≈≈≈≈≈≈≈≈≈≈≈≈
#.≈≈≈S≈≈≈≈≈≈≈≈≈≈
#.†≈@SB.≈≈≈.≈≈..
##≈≈†##.≈≈≈≈####
#≈≈≈##≈≈≈≈.#
#≈≈≈##≈≈≈≈.#
#.≈≈##.≈≈≈.#
#.≈≈##.≈≈≈.# ≈
#≈≈≈##.≈≈≈.#≈≈≈
#...##.≈≈≈.#≈≈≈
##.###.≈≈≈.≈≈≈≈


You could see 2 adders and a giant cockroach.

Vanquished Creatures
  A hound skeleton (D:2)
  4 adders
  A worm (D:2)
  2 orcs (D:3)
  7 ball pythons
  5 bats
  4 endoplasms
  6 giant cockroaches
  2 goblins
  3 hobgoblins
  7 jackals (D:1)
  4 quokkas
  3 frilled lizards
  4 kobolds
  3 rats
56 creatures vanquished.

Notes
Turn   | Place    | Note
-------+----------+-------------------------------------------
     0 | D:1      | Urriah the Human Fighter began the quest for the Orb.
     0 | D:1      | Reached XP level 1. HP: 18/18 MP: 1/1
    99 | D:1      | Reached XP level 2. HP: 16/24 MP: 2/2
   452 | D:1      | Reached XP level 3. HP: 28/29 MP: 3/3
   553 | D:1      | Reached skill level 1 in Short Blades
   574 | D:1      | Found Cenn's Antique Weapon Emporium.
  1002 | D:2      | Reached XP level 4. HP: 33/35 MP: 4/4
  1316 | D:2      | Reached skill level 1 in Stealth
  1846 | D:3      | Reached skill level 1 in Dodging
  1959 | D:3      | Found Quryasegh's Antique Weapon Shoppe.
  1966 | D:3      | Reached XP level 5. HP: 41/41 MP: 5/5
  1971 | D:3      | Bought a translucent hand axe for 120 gold pieces
  1971 | D:3      | Identified the +3 hand axe "Velig" {vamp, *Slow rF+ rCorr
                  | Stlth+} (You bought it in a shop on level 3 of the Dungeon)
  1988 | D:3      | Found a glowing drain.
  2018 | Sewer    | Entered a sewer
  2237 | Sewer    | Gained mutation: Your body sometimes deteriorates upon
                  | taking damage. [potion of mutation]
  2237 | Sewer    | Gained mutation: Your muscles are strong. (Str +2) [potion
                  | of mutation]
  2237 | Sewer    | Succumbed to an adder's poison

Illustrated notes

Levels and vault maps discovered:
D:1:      roderic_chinese_lattice_arrival, layout_loops_ring, serial_shops,
          shop, skrybe_limestone_x
D:2:      layout_basic
D:3:      layout_rooms, serial_shops, nicolae_shop_advertising_works
          [nicolae_subvault_shop_adworks], cheibrodos_sewer_entry_bend,
          uniq_crazy_yiuf_cottage
Sewer:    sewer_frog_island_01

Skill      XL: |  1  2  3  4 |
---------------+-------------+-----
Short Blades   | 1 2 |  2.2
Stealth        | 1 |  1.3
Dodging        | 1 |  1.0
Fighting       | |  3.4
Long Blades    | |  2.0
Axes           | |  0.1
Armour         | |  3.6
Shields        | |  3.3

Action                   |  1- 3 |  4- 6 || total
-------------------------+-------+-------++-------
Melee: Rapier            |    86 |    56 ||   142
       Hand axe          |       |    15 ||    15
  Use: Scroll            |       |     4 ||     4
       Potion            |       |     1 ||     1
Armor: Scale mail        |    41 |    43 ||    84
Dodge: Dodged            |    50 |    45 ||    95
Block: Buckler           |    13 |    26 ||    39
